 Dungeon Crawl Stone Soup version 0.28.0-53-g5a82cb258f (webtiles) character file.

Game seed: 11017048217601622576

55 ILmort the Skirmisher (level 3, -2/34 HPs)
             Began as a Minotaur Fighter on Aug 7, 2022.
             Killed from afar by Sigmund (8 damage)
             ... with a puff of flame
             ... on level 2 of the Dungeon.
             The game lasted 00:03:13 (1182 turns).

ILmort the Skirmisher (Minotaur Fighter)            Turns: 1182, Time: 00:03:14

Health: -2/34      AC:  6    Str: 22    XL:     3   Next: 67%
Magic:  2/2        EV:  9    Int:  5    God:
Gold:   88         SH:  0    Dex:  9    Spells: 2/2 levels left

rFire   . . .      SeeInvis .   a - +0 flail
rCold   . . .      Faith    .   c - +0 buckler
rNeg    . . .      Spirit   .   b - +0 scale mail
rPois   .          Reflect  .   (helmet restricted)
rElec   .          Harm     .   (no cloak)
rCorr   .          Rampage  .   (no gloves)
Will    .....                   (no boots)
Stlth   ..........              (no amulet)
HPRegen 0.11/turn               (no ring)
MPRegen 0.08/turn               (no ring)

@: confused
A: horns 2, retaliatory headbutt
a: no special abilities


You were on level 2 of the Dungeon.
You visited 1 branch of the dungeon, and saw 2 of its levels.

You collected 88 gold pieces.

Inventory:

Hand Weapons
 a - a +0 flail (weapon)
Armour
 b - a +0 scale mail (worn)
 c - a +0 buckler (worn)
Scrolls
 e - 3 scrolls of noise {unknown}
 f - a scroll of teleportation {unknown}
Potions
 d - a potion of might
 g - a potion of lignification {unknown}
 h - 2 potions of heal wounds {unknown}


   Skills:
 + Level 4.7 Fighting
 + Level 3.9 Maces & Flails
 - Level 3.6 Armour
 - Level 3.6 Shields


You had 2 spell levels left.
You didn't know any spells.
Your spell library contained the following spells:

 Spells                   Type           Power      Damage    Failure   Level
 Shock                    Conj/Air       0%         1d3       88%         1
 Mephitic Cloud           Conj/Pois/Air  0%         N/A       99%         3
 Stone Arrow              Conj/Erth      0%         3d7       99%         3
 Iskenderun's Mystic Bla  Conj/Tloc      0%         2d3       100%        4
 Borgnjor's Revivificati  Necr           0%         N/A       100%        8
 Necromutation            Tmut/Necr      0%         N/A       100%        8
 Death's Door             Necr           0%         N/A       100%        9


Dungeon Overview and Level Annotations

Branches:
Dungeon (2/15)

Altars:
Gozag

Annotations:
D:2 Sigmund


Innate Abilities, Weirdness & Mutations

You have a pair of horns on your head.
You reflexively headbutt those who attack you in melee.


Message History

Found 24 stones.
h - 2 white potions (gained 1)
Found a stone staircase leading down.
Found a ring mail.
A goblin comes into view. It is wielding a +0 dagger.
The goblin shouts!
You see here a scroll labelled ZIZEKL OROPH.
Sigmund the Dreaded comes into view.
He is wielding a +0 scythe.
Sigmund shouts!
Sigmund points at you and mumbles some strange words.
You resist with significant effort.
You see here a scroll labelled ZIZEKL OROPH.
You barely miss the goblin. You headbutt the goblin.
You kill the goblin!
Sigmund barely misses you.
You see here a +0 dagger.
You closely miss Sigmund.
Sigmund casts a spell.
Sigmund flickers and vanishes!
Deactivating autopickup; reactivate with Ctrl-A.
You miss something. Something hits you!
You thump something! Something hits you!
You miss something. Something hits you but does no damage.
You hit something. Something hits you!
You miss something.
You hear some strange, mumbled words.
Something tries to affect you, but you resist.
You hit something but do no damage. Something hits you but does no damage.
You miss something. Something hits you.
* * * LOW HITPOINT WARNING * * *
You miss something. Your headbutt misses something. Something hits you.
* * * LOW HITPOINT WARNING * * *
You hit something but do no damage. You sock something!
Your headbutt misses something.
You hear some strange, mumbled words.
You are confused.
You hear some strange, mumbled words.
A puff of flame appears from out of thin air!
The puff of flame hits you!
You die...

#..##.##.# #.#
########....#)#.#
#..
.....>........#.##
#.#
###########.......
#.# ##.#.#.## #.#
##..#.#.## ###.##
##.#.#.#.##
##....#####
##.###..#.##
#.[...?{@.####.##
#.....
#.......##.....##
##.###
#.........######.#
##.####
#.........#
#.###......
#.........#
#.#...####
##.....@.## #.#..#
##$....## #.#..#
##...## # #..#
#..#


There were no monsters in sight!

Vanquished Creatures
  An adder (D:2)
  3 dart slugs
  3 ball pythons (D:1)
  3 bats
  5 endoplasms
  A giant cockroach (D:1)
  5 goblins
  5 hobgoblins
  A quokka (D:1)
  3 frilled lizards
  2 kobolds (D:1)
  3 rats
35 creatures vanquished.

Notes
Turn   | Place    | Note
-------+----------+-------------------------------------------
     0 | D:1      | ILmort the Minotaur Fighter began the quest for the Orb.
     0 | D:1      | Reached XP level 1. HP: 19/19 MP: 0/0
   257 | D:1      | Reached skill level 4 in Fighting
   262 | D:1      | Reached XP level 2. HP: 26/27 MP: 1/1
   288 | D:1      | Got the Tome of Conjuration
   550 | D:1      | Reached XP level 3. HP: 34/34 MP: 2/2
   886 | D:2      | Found an opulent altar of Gozag.
  1161 | D:2      | Noticed Sigmund
  1182 | D:2      | Killed from afar by Sigmund

Illustrated notes

Levels and vault maps discovered:
D:1:      nzn_arrival_depleted_hourglass, layout_basic
D:2:      layout_loops_ring, basic_altar, kennysheep_generic_room_5,
          uniq_sigmund, uniq_jessica

Skill      XL: |  1 |
---------------+----+-----
Fighting       | 4 |  4.7
Maces & Flails | 3 |  3.9
Armour         | |  3.6
Shields        | |  3.6

Action                   || total
-------------------------++-------
Melee: Flail             ||    72
       Headbutt          ||     8
Armor: Scale mail        ||    31
Dodge: Dodged            ||    28
Block: Buckler           ||    15
